 Dungeon Crawl Stone Soup version 0.17.0-15-g6d90897 (console) character file.

200 gw the Insei (level 5, 0/46 HPs)
             Began as a Draconian Monk on Nov 11, 2015.
             Slain by an iguana (7 damage)
             ... on level 3 of the Dungeon.
             The game lasted 00:03:33 (3454 turns).

gw the Insei (Draconian Monk)                       Turns: 3454, Time: 00:03:33

Health: 0/46       AC:  6    Str: 13    XL:     5   Next: 49%
Magic:  5/5        EV: 13    Int: 10    God:    Xom [....*.]
Gold:   268        SH:  0    Dex: 15    Spells: 0 memorised, 4 levels left

rFire  . . .     SeeInvis .       - Unarmed
rCold  . . .     Clarity  .     (armour unavailable)
rNeg   . . .     SustAt   .     (no shield)
rPois  .         Gourm    .     (helmet restricted)
rElec  .         Spirit   .     d - +0 cloak
rCorr  .         Warding  .     (no gloves)
rMut   .         Stasis   .     (no boots)
MR     .....                    (no amulet)
Stlth  ++........               (no ring)
                                (no ring)

@: not resistant to hostile enchantments, unstealthy
A: unfitting armour, cold-blooded, AC +5
a: Renounce Religion


You were on level 3 of the Dungeon.
You worshipped Xom.
You were a beloved toy of Xom.
You were not hungry.

You visited 1 branch of the dungeon, and saw 3 of its levels.

You collected 268 gold pieces.

Inventory:

Missiles
 b - 112 stones (quivered)
 c - 35 poisoned needles
Armour
 d - a +0 cloak (worn)
Comestibles
 a - 2 bread rations


   Skills:
 + Level 4.2 Fighting
 + Level 2.0 Throwing
 + Level 3.4 Dodging
 - Level 1.7 Stealth
 * Level 5.3 Unarmed Combat


You had 4 spell levels left.
You didn't know any spells.

Dungeon Overview and Level Annotations

Branches:
Dungeon (3/15)

Altars:
Xom


Innate Abilities, Weirdness & Mutations

Your plain brown scales are hard (AC +5).
Your body does not fit into most forms of armour.
You are cold-blooded and may be slowed by cold attacks.


Message History

Unknown command.
MOVING TO (-3,1) Unknown command.
Unknown command.
Unknown command.
MOVING TO (-2,1) Unknown command.
Unknown command.
Unknown command.
MOVING TO (-1,1) Unknown command.
Unknown command.
Unknown command.
FLEEEEING!
ATTACKING (1,-1)
You hit the iguana but do no damage.
You tail-slap the iguana, but do no damage.
The iguana is moderately wounded.
The iguana bites you!
You die...

###.#.#######..## ..#
#.#..........# ...
##'##########.# #.# ##...## #.###
#.# #.....## ##...# ###.#
.......## ##.##.# ##.#.#
........####...#.#########....###
......>.'.)......l....)..%(((.(.'
........####...#d#########...%###
.......## ##.##.### ##.#.#
#.....## ##...?.# ###.# ##...##
#.#.#.# #.# ##'## #.#.#.# ..# #.#
#...# # .## ###.#### #.### .
.......# #.# .#...#.# #.###.#


You could see an iguana.

Table legend:
 A = Turns spent in this place as a percentage of turns spent in the entire game.
 B = Non-inter-level travel turns spent in this place as a percentage of non-inter-level travel turns spent in the entire game.
 C = Inter-level travel turns spent in this place as a percentage of turns spent in this place.
 D = Turns resting spent in this place as a percentage of non-inter-level travel turns spent in this place.
 E = Turns spent auto-exploring this place as a percentage of non-inter-level travel turns spent in this place.
 F = Non-inter-level travel turns spent in this place divided by the number of levels of this place that you've seen.
                   A       B       C       D       E      F
               +-------+-------+-------+-------+-------+----------------------
         Total | 100.0 | 100.0 |   0.4 |   0.8 |   2.3 | 1764.7
       Dungeon | 100.0 | 100.0 |   0.4 |   0.8 |   2.3 | 1764.7
               +-------+-------+-------+-------+-------+----------------------

Table legend:
 A = Kills in this place as a percentage of kills in entire the game.
 B = Kills by you in this place as a percentage of kills by you in the entire game.
 C = Kills by friends in this place as a percentage of kills by friends in the entire game.
 D = Other kills in this place as a percentage of other kills in the entire game.
 E = Experience gained in this place as a percentage of experience gained in the entire game.
 F = Experience gained in this place divided by the number of levels of this place that you have seen.
                   A       B       C       D       E      F
               +-------+-------+-------+-------+-------+----------------------
         Total | 100.0 | 100.0 | 100.0 |  -nan | 100.0 |  95.7
       Dungeon | 100.0 | 100.0 | 100.0 |  -nan | 100.0 |  95.7
               +-------+-------+-------+-------+-------+----------------------

Vanquished Creatures
  An orc priest (D:3)
  An orc wizard (D:3)
  3 gnolls (D:3)
  An adder (D:3)
  An ooze (D:1)
  2 worms
  A giant gecko (D:3)
  8 orcs (D:3)
  11 bats
  5 giant cockroaches
  5 goblins
  3 hobgoblins
  8 jackals
  A quokka (D:3)
  A ball python (D:3)
  10 kobolds
  4 rats
66 creatures vanquished.

Vanquished Creatures (collateral kills)
  An orc wizard (D:3)
1 creature vanquished.

Grand Total: 67 creatures vanquished

Notes
Turn   | Place    | Note
--------------------------------------------------------------
     0 | D:1      | gw the Draconian Monk began the quest for the Orb.
     0 | D:1      | Reached XP level 1. HP: 19/19 MP: 1/1
   181 | D:1      | Reached XP level 2. HP: 21/26 MP: 2/2
  1108 | D:2      | Found a shimmering altar of Xom.
  1119 | D:2      | Became a worshipper of Xom the Capricious
  1301 | D:2      | Reached XP level 3. HP: 31/31 MP: 3/3
  1453 | D:2      | XOM: divination: magic mapping
  1773 | D:2      | XOM: confuse monster(s)
  1799 | D:2      | XOM: divination: detect creatures
  2009 | D:3      | Reached skill level 1 in Throwing
  2044 | D:3      | XOM: cast spell 'Confusing Touch'
  2087 | D:3      | XOM: confuse monster(s)
  2121 | D:3      | XOM: harmless Trmt miscast
  2169 | D:3      | XOM is BORED!
  2169 | D:3      | XOM: 3-stop teleportation journey
  2240 | D:3      | XOM: noise
  2340 | D:3      | XOM: harmless Tloc miscast
  2382 | D:3      | XOM: god gift: 34 gold pieces
  2422 | D:3      | Reached XP level 4. HP: 37/40 MP: 4/4
  2513 | D:3      | XOM: smoke on damage
  2520 | D:3      | Reached skill level 5 in Unarmed Combat
  2837 | D:3      | Reached XP level 5. HP: 46/46 MP: 5/5
  2963 | D:3      | XOM: noise
  2968 | D:3      | XOM: confusion
  3176 | D:3      | XOM is BORED!
  3176 | D:3      | XOM: summons 1 hostile demon
  3181 | D:3      | XOM: smoke on damage
  3367 | D:3      | XOM: swap monsters
  3417 | D:3      | XOM: confuse monster(s)
  3454 | D:3      | Slain by an iguana

Action                   |  1- 3 |  4- 6 || total
-------------------------+-------+-------++-------
Melee: Unarmed           |   130 |    91 ||   221
Throw: Stone             |   117 |    51 ||   168
 Stab: Sleeping          |     1 |       ||     1
  Eat: Chunk             |     5 |     3 ||     8

Vault maps used:
D:1:      mrwooster_arrival_statue_3, minmay_misc_feat_hallway,
          supply_closet_lemuel, minivault_23
D:2:      xom_teletrap_fun
D:3:      gup_sewer_entry_bowl, first_bread
